 Dungeon Crawl Stone Soup version 0.28.0-47-ge53b351184 (webtiles) character file.

Game seed: 12197891641307333101

234 101zpm the Vandal (level 5, 0/45 HPs)
             Began as a Deep Dwarf Arcane Marksman on Apr 28, 2022.
             Slain by a shadow imp (3 damage)
             ... on level 4 of the Dungeon.
             The game lasted 00:10:59 (4415 turns).

101zpm the Vandal (Deep Dwarf Arcane Marksman)      Turns: 4415, Time: 00:10:59

Health: 0/45       AC:  2    Str: 16    XL:     5   Next: 75%
Magic:  6/6        EV: 16    Int: 13    God:
Gold:   147        SH:  0    Dex: 13    Spells: 5/6 levels left

rFire   . . .      SeeInvis .   a - +0 hunting sling
rCold   + . .      Faith    .   (no shield)
rNeg    . . .      Spirit   .   d - +0 robe
rPois   .          Reflect  .   (no helmet)
rElec   .          Harm     .   (no cloak)
rCorr   .          Rampage  .   (no gloves)
Will    .....                   (no boots)
Stlth   ++........              (no amulet)
HPRegen 0.00/turn               e - +4 ring of evasion
MPRegen 0.10/turn               h - ring of protection from cold

@: no status effects
A: damage resistance, heal wounds, sense surroundings 1, no regeneration
a: Heal Wounds


You were on level 4 of the Dungeon.
You visited 1 branch of the dungeon, and saw 5 of its levels.

You collected 147 gold pieces.

Inventory:

Hand Weapons
 a - a +0 hunting sling (weapon)
 l - a +0 spear
Missiles
 c - 7 sling bullets
 k - 79 stones (quivered ammo)
Armour
 d - a +0 robe (worn)
Jewellery
 e - a +4 ring of evasion (left hand)
 h - a ring of protection from cold (right hand)
 m - an amulet of the acrobat
 n - an amulet of faith
 o - a ring of fire
 p - a ring of resist corrosion
Scrolls
 b - a scroll of magic mapping
 g - 2 scrolls of identify
 q - a scroll of immolation {unknown}
 s - a scroll of summoning {unknown}
 t - a scroll of noise {unknown}
 u - a scroll of teleportation {unknown}
Potions
 f - a potion of degeneration {unknown}
 i - a potion of heal wounds
 j - a potion of invisibility {unknown}
 r - a potion of attraction {unknown}


   Skills:
 + Level 2.0 Fighting
 + Level 5.1 Slings
 + Level 2.4 Dodging
 + Level 1.4 Stealth
 + Level 1.3 Spellcasting
 + Level 3.1 Hexes


You had 5 spell levels left.
You knew the following spells:

 Your Spells              Type           Power      Damage    Failure   Level
a - Slow                  Hex            32%        N/A       8%          1

Your spell library contained the following spells:

 Spells                   Type           Power      Damage    Failure   Level
 Animate Skeleton         Necr           0%         N/A       28%         1
 Apportation              Tloc           0%         N/A       28%         1
 Beastly Appendage        Tmut           0%         N/A       28%         1
 Pain                     Necr           0%         1d4       28%         1
 Summon Small Mammal      Summ           0%         N/A       28%         1
 Wereblood                Tmut           0%         N/A       38%         2
 Inner Flame              Hex/Fire       4%         N/A       41%         3
 Portal Projectile        Hex/Tloc       8%         N/A       41%         3
 Cause Fear               Hex            4%         N/A       58%         4
 Spider Form              Tmut/Pois      0%         N/A       63%         3
 Stone Arrow              Conj/Erth      0%         3d7       63%         3
 Vampiric Draining        Necr           0%         2d6       63%         3
 Animate Armour           Summ/Erth      0%         N/A       95%         4
 Lehudib's Crystal Spear  Conj/Erth      0%         10d2      100%        8


Dungeon Overview and Level Annotations

Branches:
Dungeon (5/15)
 Temple: D:4-7

Altars:
Sif Muna


Innate Abilities, Weirdness & Mutations

You are resistant to damage.
You can heal yourself by infusing magical energy.
You passively map a small area around you.
You do not regenerate.


Message History

Aim: a shadow imp (57% to hit)
You shoot a stone.
The stone hits the shadow imp but does no damage.
Fire: 85 stones
Press: ? - help, Q - select action, (/) - cycle Shift-Dir - straight line, f/p - shadow imp
Aim: a shadow imp (57% to hit)
You shoot a stone. The stone hits the shadow imp.
The shadow imp is lightly wounded.
Fire: 84 stones
Press: ? - help, Q - select action, (/) - cycle Shift-Dir - straight line, f/p - shadow imp
Aim: a shadow imp (lightly wounded, 57% to hit)
You shoot a stone. The stone barely misses the shadow imp.
The shadow imp gestures at you. Pain shoots through your body!
* * * LOW HITPOINT WARNING * * *
Fire: 83 stones
Press: ? - help, Q - select action, (/) - cycle Shift-Dir - straight line, f/p - shadow imp
Aim: a shadow imp (lightly wounded, 57% to hit)
You shoot a stone. The stone hits the shadow imp.
The shadow imp is heavily wounded.
Fire: 82 stones
Press: ? - help, Q - select action, (/) - cycle Shift-Dir - straight line, f/p - shadow imp
Aim: a shadow imp (heavily wounded, 57% to hit)
You shoot a stone. The stone hits the shadow imp.
The shadow imp is almost dead.
The shadow imp shouts, "Quit, thou beslubbering fool-headed serf!"
Fire: 81 stones
Press: ? - help, Q - select action, (/) - cycle Shift-Dir - straight line, f/p - shadow imp
Aim: a shadow imp (almost dead, 57% to hit)
You shoot a stone. The stone hits the shadow imp.
The shadow imp is almost dead.
The shadow imp barely misses you.
Fire: 80 stones
Press: ? - help, Q - select action, (/) - cycle Shift-Dir - straight line, f/p - shadow imp
Aim: a shadow imp (almost dead, 57% to hit)
You shoot a stone.
The stone hits the shadow imp but does no damage.
The shadow imp is almost dead.
The shadow imp hits you.
You die...

##..#..##...........##.#.....##
# ,#.. ...........##.........#
. ..........#.##........# ##
................###### .
......####......###
.....##...........# .....
#.....(....## ,
,......#..#...#..##
.......@.##..#.## *
........5#....#####
..................(...###..#
..........#........(.###...#
.........###........(.....###
.........###.............#..#
..........................# *
.........##............(..##
................###†.......#


You could see a shadow imp.

Vanquished Creatures
  A phantom (D:4)
  A hound (D:3)
  A jelly (D:4)
  A hound skeleton (D:4)
  3 adders
  2 worms (D:2)
  4 dart slugs
  A ball python (D:1)
  3 bats
  3 endoplasms (D:1)
  2 giant cockroaches
  4 goblins
  4 hobgoblins
  2 jackals (D:3)
  3 kobolds
  A quokka (D:1)
  6 frilled lizards
  2 rats
44 creatures vanquished.

Vanquished Creatures (others)
  A plant (D:3)
1 creature vanquished.

Grand Total: 45 creatures vanquished

Notes
Turn   | Place    | Note
-------+----------+-------------------------------------------
     0 | D:1      | 101zpm the Deep Dwarf Arcane Marksman began the quest for
                  | the Orb.
     0 | D:1      | Reached XP level 1. HP: 16/16 MP: 2/2
   147 | D:1      | Reached XP level 2. HP: 24/24 MP: 3/3
   297 | D:1      | Reached skill level 1 in Fighting
   965 | D:2      | Reached skill level 3 in Slings
   965 | D:2      | Reached XP level 3. HP: 12/31 MP: 4/4
  1834 | D:2      | Found a faded altar of an unknown god.
  2689 | D:3      | Found a shimmering blue altar of Sif Muna.
  2841 | D:4      | Reached skill level 4 in Slings
  2841 | D:4      | Reached XP level 4. HP: 6/38 MP: 5/5
  3304 | D:4      | Noticed a black bear
  4012 | D:5      | Entered Level 5 of the Dungeon
  4012 | D:5      | Noticed a black bear
  4030 | D:4      | Reached skill level 1 in Stealth
  4043 | D:4      | Noticed a phantom
  4200 | D:4      | Killed a phantom
  4201 | D:4      | Reached XP level 5. HP: 21/45 MP: 6/6
  4236 | D:3      | Reached skill level 5 in Slings
  4415 | D:4      | Slain by a shadow imp

Illustrated notes

Levels and vault maps discovered:
D:1:      amcnicky_arrival_underground_garden, layout_basic,
          minmay_misc_feat_columns, st_stairs_12
D:2:      layout_loops_corners, shapermc_ecumenical_altar_starsandcircs
D:3:      layout_basic, lemuel_crystal_altar, guppyfry_early_lair_pool
D:4:      layout_cave_pools
D:5:      layout_layer_cave, grunt_temple_overflow_order_and_chaos_1,
          nicolae_tso_besieged_by_evil, gammafunk_ghost_arena, serial_shops,
          nicolae_square_shop, nicolae_stop_n_shop_1, st_stairs_8,
          amcnicky_mini_corridor_feature, uniq_edmund, uniq_ijyb, uniq_pikel

Skill      XL: |  1  2  3  4  5 |
---------------+----------------+-----
Fighting       | 1 2 |  2.0
Slings         | 3 4 5 |  5.1
Stealth        | 1 |  1.4
Hexes          | 3 |  3.1
Dodging        | |  2.4
Spellcasting   | |  1.3

Action                   |  1- 3 |  4- 6 || total
-------------------------+-------+-------++-------
Melee: Spear             |    19 |       ||    19
       Punch             |     1 |       ||     1
 Fire: Hunting sling     |   134 |    77 ||   211
 Cast: Slow              |       |     7 ||     7
  Use: Potion            |       |     1 ||     1
       Scroll            |       |     1 ||     1
Armor: Robe              |     4 |     9 ||    13
Dodge: Dodged            |    38 |    51 ||    89
